 Dungeon Crawl Stone Soup version 0.19-a0-1849-g2383789 (webtiles) character file.

212 JeffiDaFish the Sneak (level 5, 0/37 HPs)
             Began as a Vampire Enchanter on Oct 10, 2016.
             Succumbed to a worker ant's poison
             ... on level 4 of the Dungeon.
             The game lasted 00:11:14 (4728 turns).

JeffiDaFish the Sneak (Vampire Enchanter)           Turns: 4728, Time: 00:11:14

Health: 0/37       AC:  3    Str:  8    XL:     5   Next: 58%
Magic:  3/8        EV: 13    Int: 18    God:
Gold:   164        SH:  0    Dex: 14    Spells: 3 memorised, 2 levels left

rFire  . . .     SeeInvis +     a - +2 dagger
rCold  + . .     Gourm    .     b - +2 robe
rNeg   + + .     Faith    .     (no shield)
rPois  +         Spirit   .     (no helmet)
rElec  .         Dismiss  .     (no cloak)
rCorr  .         Reflect  .     (no gloves)
MR     .....     Harm     .     (no boots)
Stlth  +++++.....               (no amulet)
                                h - ring of stealth
                                e - ring of flight

@: lethally poisoned (0 -> -7), regenerating slowly
A: fangs 3, see invisible, deformed body, unbreathing
a: Bat Form, Evoke Flight


You were on level 4 of the Dungeon.
You were thirsty.

You visited 1 branch of the dungeon, and saw 4 of its levels.

You collected 164 gold pieces.

Inventory:

Hand Weapons
 a - a +2 dagger (weapon)
Armour
 b - a +2 robe (worn)
Jewellery
 e - a ring of flight (left hand)
 h - a ring of stealth (right hand)
Scrolls
 f - 3 scrolls of fear
 g - 2 scrolls of recharging
 i - a scroll of identify
 k - 2 scrolls of enchant weapon
Potions
 d - 5 potions of blood
 j - a potion of flight
Books
 c - a book of Maledictions

   Spells                             Type                      Level
   a - Corona                         Hexes                        1
   b - Ensorcelled Hibernation        Hexes/Ice                    2
   c - Confuse                        Hexes                        3
   d - Tukima's Dance                 Hexes                        3
   e - Dazzling Spray                 Conjuration/Hexes            3


   Skills:
 + Level 1.2 Fighting
 + Level 2.9 Short Blades
 + Level 3.1 Dodging
 + Level 5.8 Stealth
 + Level 2.4 Spellcasting
 + Level 5.5 Hexes
 + Level 1.2 Ice Magic


You had 2 spell levels left.
You knew the following spells:

 Your Spells              Type           Power        Failure   Level  Hunger
a - Corona                Hex            ###....      1%          1    #......
b - Ensorcelled Hibernat  Hex/Ice        ##....       10%         2    ##.....
c - Confuse               Hex            ###.....     6%          3    ###....


Dungeon Overview and Level Annotations

Branches:
Dungeon (4/15)
 Temple: D:4-7

Altars:
Cheibriados
Nemelex Xobeh


Innate Abilities, Weirdness & Mutations

You heal slowly.
You have razor-sharp teeth.
You have supernaturally acute eyesight. (SInv)
You can survive without breathing.
Armour fits poorly on your strangely shaped body.


Message History

You feel sick.
There is a lethal amount of poison in your body!
* * * LOW HITPOINT WARNING * * *
You feel sick.
Items here: ))) [ ††
Okay, then.
Bottle a goblin corpse? [(y)es/(c)hoosy/(n)o/(a)ll/(e)dible/(q)uit/?] Bottle a goblin corpse? [(y)es/(c)hoosy/(n)o/(a)ll/(e)dible/(q)uit/?]
You bottle the corpse's blood. x2
* * * LOW HITPOINT WARNING * * *
You feel sick.
Items here: ! ))) [ ÷
Items here: ( )) † a hunting sling; an uncursed club; 13 stones; a goblin corpse You bottle the corpse's blood.
* * * LOW HITPOINT WARNING * * *
You feel sick.
Items here: ! ( )) a hunting sling; an uncursed club; 13 stones; a potion of blood You die...

,,,,,,,,,* ,,,,,,,,,*
,,,,,,,,,*****###
,,>,,,,,,+,,,,..#
,,,,,,,,g######.########*********
**,,,,,,gg.g..........).,,,,,,,,,
*,***********#......#***********
*,*,,,,,,,,* #......#
**,*,,,,,,,,* #.@....#
,*,,,,,,,,,,* #......# ##
,*,,,,,,,,,** #.)....# #.
,,,,,,,,,,,* ##)###.# #.
,*,,,,,,,,,* #(# #.# #.
,*,,,,,,,,,*** #.###.# #.
,*,,,,,,,,,,,* #()##.# #.
,*,*********,* ##.##.# #. ,*,*
#.####..#.## #.


There were no monsters in sight!

Vanquished Creatures
  An orc priest (D:3)
  2 worker ants
  Robin (D:4)
  A gnoll (D:1)
  2 adders
  2 oozes
  A worm (D:2)
  A dart slug (D:3)
  4 leopard geckos
  6 orcs
  5 giant cockroaches
  14 goblins
  5 hobgoblins
  4 kobolds
  A quokka (D:2)
  A ball python (D:1)
  A ball python skeleton (D:4)
  8 bats
  6 frilled lizards
  10 rats
76 creatures vanquished.

Notes
Turn   | Place    | Note
-------+----------+-------------------------------------------
     0 | D:1      | JeffiDaFish the Vampire Enchanter began the quest for the Orb.
     0 | D:1      | Reached XP level 1. HP: 13/13 MP: 3/3
   298 | D:1      | Reached XP level 2. HP: 18/19 MP: 5/5
   313 | D:1      | Learned a level 2 spell: Ensorcelled Hibernation
   472 | D:1      | Reached skill level 5 in Hexes
   858 | D:1      | Reached XP level 3. HP: 24/24 MP: 6/6
   866 | D:1      | Learned a level 3 spell: Confuse
  1793 | D:2      | Reached skill level 5 in Stealth
  2342 | D:2      | Gained mutation: Your muscles are strong. (Str +2) [potion of mutation]
  2342 | D:2      | Gained mutation: Armour fits poorly on your strangely shaped body. [potion of mutation]
  2342 | D:2      | Lost mutation: Your muscles are strong. (Str +2) [potion of mutation]
  3613 | D:3      | Reached XP level 4. HP: 27/31 MP: 7/7
  3622 | D:3      | Found a snail-covered altar of Cheibriados.
  3902 | D:3      | Reached skill level 1 in Fighting
  4203 | D:3      | Reached XP level 5. HP: 37/37 MP: 4/8
  4423 | D:4      | Found a sparkling altar of Nemelex Xobeh.
  4452 | D:4      | Reached skill level 1 in Ice Magic
  4655 | D:4      | Noticed Robin
  4679 | D:4      | Killed Robin
  4726 | D:4      | HP: 1/37 [poisoned by a worker ant]
  4728 | D:4      | Succumbed to a worker ant's poison

Vault maps used:
D:1:      ncdulo_halloftheorcs
D:3:      lemuel_crystal_altar
D:4:      lemuel_doored_altar, nicolae_overflow_hidden_temple,
          chei_slow_surprise, uniq_robin

Skill      XL: |  1  2  3  4  5 |
---------------+----------------+-----
Hexes          | 5 |  5.5
Stealth        | 5 |  5.8
Short Blades   | 2 |  2.9
Fighting       | 1 |  1.2
Ice Magic      | 1 |  1.2
Dodging        | 3 |  3.1
Spellcasting   | |  2.4

Action                   |  1- 3 |  4- 6 || total
-------------------------+-------+-------++-------
Melee: Dagger            |   179 |    98 ||   277
       Bite              |    13 |     5 ||    18
 Cast: Ensorcelled Hiber |     5 |     5 ||    10
       Confuse           |     2 |     3 ||     5
  Use: Scroll            |     6 |     3 ||     9
       Potion            |    12 |     6 ||    18
 Stab: Sleeping          |     9 |     9 ||    18
       Confused          |       |     2 ||     2
Armor: Robe              |    26 |     8 ||    34
Dodge: Dodged            |   119 |    43 ||   162
